Map: [ESL] Data-C

Players

BattleB

  • Race: Terran Terran
  • Spawn Location: 9:00

Krystianer - Winner!

  • Race: Protoss Protoss
  • Spawn Location: 3:00

Event: DreamHack SC2 Masters 2022 Atlanta (Online)

VOD

Have the link to the VOD?

Description

Time

  • Played on: Oct. 7, 2022, 12:41 p.m.
  • Length: 13:42

All games in this series

Show
View Real Time Build Order
Export as new Build Order

BattleB Terran 

Build Orders:  

Get SALT Encoding   

  12  0:00  SCV  
  13  0:12  SCV  
  14  0:17  Supply Depot  
  14  0:24  SCV  
  15  0:38  SCV  
  15  0:40  Barracks  
  16  0:44  Refinery  
  16  0:50  SCV  
  17  1:02  SCV  
  18  1:07  Engineering Bay  
  18  1:14  SCV  
  19  1:28  Orbital Command, Marine  
  20  1:49  Command Center  
  20  1:53  Barracks Reactor  
  20  1:57  SCV  
  21  2:07  Barracks  
  21  2:10  SCV  
  22  2:17  Supply Depot  
  22  2:22  SCV  
  23  2:25  Barracks  
  23  2:39  SCV, Marine x2  
  27  2:51  SCV  
  27  2:56  Barracks Tech Lab, Marine x2  
  29  3:01  Orbital Command  
  29  3:03  SCV  
  30  3:14  Marine x2  
  30  3:15  SCV  
  30  3:17  Barracks Tech Lab  
  30  3:18  Stimpack  
  30  3:19  Marine  
  33  3:27  SCV  
  33  3:31  SCV  
  33  3:33  Marine x2  
  33  3:34  Supply Depot  
  37  3:36  Combat Shield  
  37  3:37  Marine  
  37  3:39  SCV  
  39  3:43  SCV  
  39  3:44  Marine  
  41  3:51  SCV, Marine x2  
  45  3:55  SCV  
  45  3:56  Supply Depot  
  45  4:00  Marauder  
  49  4:03  Marauder  
  49  4:04  SCV  
  49  4:05  Engineering Bay  
  49  4:07  SCV  
  49  4:08  Refinery  
  49  4:09  Marine x2  
  53  4:16  SCV  
  53  4:19  SCV  
  53  4:23  Marauder  
  53  4:24  Bunker  
  53  4:26  Marauder  
  53  4:30  SCV  
  56  4:32  Supply Depot, SCV  
  56  4:37  Refinery, Marine  
  57  4:42  SCV  
  57  4:44  Marauder  
  57  4:45  SCV, Marine  
  61  4:47  Marine  
  60  4:54  SCV  
  60  4:55  Marine  
  62  5:01  SCV  
  62  5:03  Supply Depot  
  62  5:06  SCV  
  63  5:08  Marine x3  
  63  5:13  SCV  
  67  5:17  Terran Infantry Weapons Level 1, Marine  
  67  5:18  SCV  
  67  5:19  Missile Turret  
  69  5:26  SCV, Marine  
  71  5:29  Marine x2  
  71  5:31  SCV  
  71  5:35  Marine  
  75  5:36  Supply Depot  
  75  5:37  Supply Depot  
  75  5:43  Marine  
  75  5:46  Marine  
  75  5:48  SCV x2  
  74  5:55  Marine x2  
  76  6:00  SCV x2  
  78  6:06  Marine  
  78  6:07  Supply Depot  
  78  6:10  Marauder  
  81  6:12  Factory  
  81  6:14  SCV, Marauder  
  81  6:17  Marine  
  85  6:19  SCV  
  85  6:20  Missile Turret  
  86  6:26  Refinery  
  86  6:28  Marine  
  86  6:29  Supply Depot, SCV  
  86  6:32  Marine  
  89  6:34  Marine  
  89  6:35  SCV  
  89  6:38  Marine  
  92  6:41  SCV  
  93  6:48  Marine  
  95  6:54  SCV x2  
  95  6:55  Marauder, Marine  
  95  6:56  Marine  
  95  6:59  Factory Tech Lab, Starport  
  100  7:05  Supply Depot  
  100  7:06  Supply Depot, SCV x2  
  100  7:07  Marine  
  103  7:12  Terran Infantry Armor Level 1  
  103  7:14  Marine  
  106  7:15  Marauder  
  106  7:17  Marauder  
  108  7:23  Supply Depot  
  108  7:24  Supply Depot  
  108  7:28  Marine  
  109  7:37  Starport Reactor, Marine  
  100  7:38  Siege Tank  
  100  7:39  Marauder  
  100  7:42  Marine  
  107  7:49  Marine  
  108  7:53  Command Center  
  107  7:58  Marine  
  104  8:09  Marauder x2, Marine  
  105  8:14  Siege Tank  
  105  8:15  Medivac x2  
  107  8:20  Marine  
  108  8:28  SCV x2  
  108  8:30  Barracks  
  108  8:31  Barracks, Marauder, Marine x2  
  108  8:32  Ghost Academy  
  114  8:40  SCV x2  
  116  8:44  Marine  
  116  8:49  Medivac x2  
  116  8:50  Marine  
  116  8:51  Siege Tank  
  116  8:52  SCV x2  
  126  8:57  Marauder x2  
  130  9:04  SCV x2  
  130  9:05  Enhanced Shockwaves  
  132  9:12  Marine x2  
  132  9:16  SCV x2  
  134  9:18  Marine x2  
  134  9:21  Orbital Command  
  134  9:22  Missile Turret  
  134  9:28  SCV x2  
  136  9:31  Barracks Reactor, Barracks Tech Lab  
  136  9:36  Ghost x2  
  140  9:47  Marine x2  
  140  9:51  Supply Depot x2  
  142  9:54  Viking x2  
  146  10:02  SCV x2  
  146  10:03  Supply Depot  
  148  10:11  Ghost x2  
  148  10:12  Marine x2  
  148  10:13  Marine x2  
  155  10:17  Refinery x2  
  155  10:20  Barracks x2, SCV x3  
  158  10:21  Barracks  
  158  10:26  Ghost  
  160  10:28  Missile Turret  
  160  10:32  Marine x3  
  160  10:33  Marine  
  162  10:39  Marine  
  161  10:43  Marine  
  161  10:47  Medivac x2  
  161  10:48  Siege Tank  
  169  10:50  Marine  
  169  10:52  Marine  
  169  10:54  Marine  
  172  10:59  Marine  
  172  11:03  Supply Depot  
  173  11:05  Supply Depot  
  173  11:08  Marine, Ghost x2  
  178  11:12  Marauder  
  172  11:20  Marine x3  
  172  11:25  SCV  
  167  11:26  SCV  
  167  11:27  Barracks Reactor, Barracks Tech Lab x2  
  167  11:28  Marine  
  166  11:33  Marauder  
  166  11:37  Bunker, Marine  
  166  11:39  Marine x3  
  172  11:41  Siege Tank  
  172  11:43  Viking  
  177  11:47  Viking  
  172  12:03  Marauder x3  
  172  12:04  Marauder x2  
  172  12:05  Marine  
  172  12:07  Marine  
  175  12:15  Marine x2  
  175  12:18  Marine  
  175  12:21  Medivac x2, Marine  
  181  12:23  Marine  
  181  12:25  Marauder x2  
  184  12:36  Marine  
  176  12:37  Marauder, Marine x3  
  176  12:38  Marauder  
  183  12:48  Marauder  
  183  12:49  Marauder x2, Marine x2  
  182  12:53  Supply Depot, Missile Turret  
  182  12:54  Marine  
  182  12:55  Marine  
  169  12:59  Marauder x2  
  169  13:01  Marine  
  169  13:02  Marine  
  169  13:04  Siege Tank  
  162  13:09  Medivac  
  162  13:10  Medivac, Marauder x2  
  146  13:13  Marauder, Marine  
  146  13:14  Marine  
  146  13:15  Marine  
  146  13:17  Marine  
  146  13:18  Marine  
  134  13:22  Marine  
Show
View Real Time Build Order
Export as new Build Order

Krystianer Protoss - Winner!

Build Orders: 1 Gate Expand, Oracle Opening 

Get SALT Encoding   

  12  0:00  Probe  
  13  0:12  Probe  
  14  0:16  Pylon  
  14  0:24  Probe (Chrono Boost)  
  16  0:36  Probe (Chrono Boost)  
  16  0:37  Gateway  
  16  0:42  Probe (Chrono Boost)  
  16  0:45  Assimilator  
  17  0:50  Probe  
  18  1:03  Probe  
  19  1:15  Probe  
  21  1:34  Nexus  
  20  1:44  Cybernetics Core  
  20  1:46  Probe  
  21  1:52  Assimilator  
  21  1:58  Probe  
  22  2:03  Pylon  
  21  2:10  Probe  
  22  2:18  Adept (Chrono Boost)  
  25  2:22  Probe  
  25  2:26  Stargate  
  25  2:35  Probe  
  25  2:36  Warp Gate  
  26  2:45  Stalker  
  26  2:46  Probe (Chrono Boost)  
  26  2:48  Probe (Chrono Boost)  
  30  2:56  Probe x2 (Chrono Boost)  
  32  3:01  Probe (Chrono Boost)  
  32  3:02  Probe  
  34  3:10  Oracle (Chrono Boost)  
  34  3:13  Probe  
  34  3:14  Probe  
  39  3:25  Probe  
  39  3:26  Probe  
  39  3:35  Shield Battery  
  39  3:37  Probe, Assimilator  
  39  3:38  Probe  
  39  3:39  Oracle (Chrono Boost)  
  44  3:46  Gateway  
  44  3:49  Probe  
  44  3:50  Probe  
  44  3:53  Pylon  
  46  3:58  Gateway  
  46  4:06  Robotics Facility  
  46  4:09  Assimilator  
  46  4:11  Probe x2  
  48  4:20  Oracle (Chrono Boost)  
  48  4:23  Probe x2  
  53  4:28  Pylon  
  53  4:31  Pylon  
  53  4:35  Probe  
  54  4:44  Pylon  
  54  4:46  Probe  
  54  4:47  Probe  
  54  4:49  Stalker x2  
  60  4:58  Robotics Bay, Probe  
  62  5:01  Forge  
  62  5:02  Stalker  
  64  5:12  Pylon  
  64  5:13  Stalker x2  
  64  5:14  Observer (Chrono Boost)  
  68  5:18  Shield Battery  
  68  5:22  Probe  
  68  5:27  Sentry  
  71  5:32  Immortal (Chrono Boost)  
  71  5:34  Gateway  
  75  5:36  Sentry  
  77  5:52  Stalker  
  77  5:56  Observer  
  81  6:02  Colossus (Chrono Boost)  
  81  6:03  Pylon  
  85  6:11  Pylon  
  85  6:13  Pylon  
  85  6:14  Protoss Ground Weapons Level 1  
  85  6:34  Extended Thermal Lance  
  85  6:37  Probe  
  86  6:41  Colossus (Chrono Boost)  
  86  6:42  Nexus  
  86  6:43  Probe  
  86  6:44  Pylon  
  87  6:49  Probe  
  87  6:51  Pylon  
  88  6:55  Probe  
  88  6:59  Twilight Council  
  89  7:01  Probe  
  89  7:06  Photon Cannon  
  89  7:07  Stalker x3  
  96  7:11  Probe  
  96  7:13  Probe  
  98  7:17  Shield Battery  
  98  7:19  Colossus (Chrono Boost)  
  104  7:26  Zealot, Probe  
  104  7:28  Probe  
  105  7:38  Probe  
  105  7:40  Probe  
  105  7:41  Blink (Chrono Boost)  
  107  7:50  Probe  
  108  7:52  Probe  
  108  7:53  Shield Battery, Stalker x2  
  113  8:02  Probe x2  
  113  8:03  Stalker x2  
  113  8:04  Probe  
  120  8:11  Colossus (Chrono Boost)  
  113  8:14  Probe x2  
  113  8:16  Probe  
  120  8:22  Assimilator  
  120  8:24  Observer, Assimilator, Pylon  
  120  8:26  Robotics Facility  
  120  8:29  Zealot x2  
  120  8:33  Probe  
  125  8:38  Zealot x2  
  129  8:49  Stalker  
  129  8:50  Stalker  
  129  8:55  Warp Prism (Chrono Boost)  
  132  8:57  Gravitic Drive, Protoss Ground Weapons Level 2  
  132  8:59  Zealot  
  132  9:00  Zealot  
  138  9:03  Probe  
  138  9:09  Probe  
  140  9:16  Probe  
  139  9:21  Disruptor (Chrono Boost), Stalker x3  
  148  9:28  Pylon  
  148  9:34  Nexus  
  148  9:35  Charge (Chrono Boost)  
  148  9:38  Pylon  
  148  9:39  Pylon  
  148  9:49  Disruptor x2 (Chrono Boost)  
  148  9:52  Probe x2  
  156  9:56  Probe  
  157  10:04  Probe x2  
  159  10:09  Probe  
  159  10:13  Pylon  
  160  10:14  Zealot x2  
  160  10:16  Probe, Pylon  
  160  10:18  Probe  
  160  10:20  Disruptor x2 (Chrono Boost)  
  172  10:23  Probe  
  173  10:29  Probe  
  173  10:30  Probe  
  173  10:33  Photon Cannon  
  173  10:36  Pylon  
  173  10:39  Probe  
  172  10:43  Stalker x4  
  172  10:44  Probe  
  172  10:45  Probe  
  172  10:46  Probe  
  174  10:50  Disruptor  
  174  10:52  Disruptor  
  174  10:53  Probe  
  174  10:55  Dark Shrine  
  175  11:01  Probe  
  174  11:07  Probe  
  174  11:08  Probe, Gateway  
  174  11:10  Gateway  
  168  11:12  Gateway  
  168  11:13  Zealot x3  
  168  11:15  Probe  
  158  11:19  Probe  
  158  11:20  Probe  
  158  11:22  Shield Battery  
  156  11:27  Stalker  
  156  11:28  Probe  
  156  11:30  Probe  
  160  11:40  Immortal x2 (Chrono Boost)  
  160  11:44  Stalker  
  160  11:46  Pylon  
  170  11:48  Probe  
  170  11:49  Probe  
  172  11:54  Probe  
  172  11:56  Zealot x3  
  172  11:57  Probe  
  172  12:00  Probe  
  173  12:01  Probe  
  173  12:02  Zealot x3  
  173  12:06  Probe  
  181  12:08  Disruptor (Chrono Boost)  
  181  12:11  Shield Battery  
  187  12:17  Zealot x4  
  187  12:18  Disruptor (Chrono Boost)  
  187  12:20  Probe  
  196  12:25  Dark Templar  
  196  12:26  Dark Templar  
  188  12:37  Disruptor  
  188  12:38  Stalker x4  
  188  12:39  Shield Battery  
  199  12:44  Probe  
  186  12:59  Disruptor  
  186  13:02  Stalker x3  
  186  13:05  Probe x2  
  176  13:08  Probe  
  170  13:14  Zealot x4  
  170  13:17  Probe  
  180  13:22  Assimilator  
  180  13:23  Assimilator  
  180  13:27  Zealot x3  
  181  13:37  Zealot  
  181  13:38  Zealot x3  
Tags
 
Add a new tag
Caveats
  • Supply blocks, unpowered buildings, or Contaminate may cause inaccurate times.
  • Supply counts are checked every 10 seconds.